 Dungeon Crawl Stone Soup version 0.28-a0-10-g964c8b829e (webtiles) character file.

Game seed: 17098234976986569160

98 Deep1 the Caller (level 4, -3/24 HPs)
             Began as a Deep Elf Summoner on July 25, 2021.
             Was a Plaything of Xom.
             Engulfed by Duvessa the steam dragon's steam (10 damage)
             ... on level 4 of the Dungeon.
             The game lasted 00:33:19 (2402 turns).

Deep1 the Caller (Deep Elf Summoner)                Turns: 2402, Time: 00:33:19

Health: -3/24      AC:  6    Str:  5    XL:     4   Next: 44%
Magic:  0/12       EV: 11    Int: 21    God:    Xom [.....*]
Gold:   114        SH:  0    Dex: 15    Spells: 5/11 levels left

rFire   . . .      SeeInvis .   c - +0 spear
rCold   . . .      Faith    .   (no shield)
rNeg    . . .      Spirit   .   h - +0 leather armour
rPois   .          Reflect  .   i - +1 helmet
rElec   .          Harm     .   k - +0 cloak
rCorr   .          Rampage  .   (no gloves)
Will    .....                   (no boots)
Stlth   ++........              (no amulet)
HPRegen 0.08/turn               (no ring)
MPRegen 0.13/turn               (no ring)

@: no status effects
A: no striking features
a: Renounce Religion


You were on level 4 of the Dungeon.
You worshipped Xom.
You were Xom's teddy bear.
You visited 1 branch of the dungeon, and saw 4 of its levels.

You collected 114 gold pieces.

Inventory:

Hand Weapons
 c - a +0 spear (weapon)
Armour
 h - a +0 leather armour (worn)
 i - a +1 helmet (worn)
 k - a +0 cloak (worn)
Scrolls
 a - a scroll of identify {unknown}
 b - a scroll of teleportation {unknown}
 e - a scroll of enchant armour {unknown}
 f - a scroll of enchant weapon {unknown}
 g - a scroll of vulnerability {unknown}
Potions
 d - 2 potions of heal wounds {unknown}
 j - a potion of curing {unknown}


   Skills:
 + Level 0.3 Fighting
 + Level 0.3 Polearms
 + Level 0.8 Armour
 + Level 2.6 Dodging
 + Level 2.7 Stealth
 + Level 4.3 Spellcasting
 + Level 5.3 Summonings


You had 5 spell levels left.
You knew the following spells:

 Your Spells              Type           Power      Damage    Failure   Level
a - Summon Small Mammal   Summ           100%       N/A       1%          1
b - Call Imp              Summ           26%        N/A       3%          2
c - Call Canine Familiar  Summ           26%        N/A       6%          3

Your spell library contained the following spells:

 Spells                   Type           Power      Damage    Failure   Level
 Summon Guardian Golem    Hex/Summ       15%        N/A       19%         3
 Summon Lightning Spire   Summ/Air       15%        N/A       52%         4


Dungeon Overview and Level Annotations

Branches:
Dungeon (4/15)
 Temple: D:4-7

Altars:
Fedhas
Wu Jian
Xom
The Shining One

Shops:
D:3 [

Annotations:
D:4 Dowan, Duvessa


Message History

The puff of frost hits you. What are your orders? t - Shout!
Orders for allies: a - Attack new target. r - Retreat! s - Stop attacking. g - Guard the area. f - Follow me.
Anything else - Cancel.
Gang up on whom?
Press: ? - help, Dir - move target, f - Duvessa
Aim: Duvessa, wielding a +4 short sword of freezing and wearing a +0 leather armour (ally target) Attack!
A metallic apparition takes form in the air. "Hum-dee-hum-dee-hum..."
Duvessa evaporates and reforms as a steam dragon!
Dowan mumbles some strange words.
Dowan blinks!
A beastly little devil appears in a puff of flame.
Duvessa misses your hound. Duvessa completely misses your hound.
A beastly little devil appears in a puff of flame.
Your hound bites Duvessa.
Duvessa bites your hound! Duvessa claws your hound.
Your hound bites Duvessa but does no damage.
A beastly little devil appears in a puff of flame.
Duvessa bites your hound.
Duvessa claws your hound but does no damage.
Your hound bites Duvessa.
You don't have enough magic to cast this spell.
Casting: Call Imp (safe; 3% risk of failure)
Confirm with . or Enter, or press ? or * to list all spells.
Your hound bites Duvessa.
Dowan says, "My weaknesses are her strengths!"
Duvessa breathes steam at you. The ball of steam hits your hound!
Your hound dies!
Your hound's corpse disappears in a puff of smoke!
The ball of steam hits your crimson imp.
Your crimson imp resists.
The ball of steam hits you!
* * * LOW HITPOINT WARNING * * *
You are engulfed in a cloud of scalding steam.
You die...

.........#
........#
........#
#.......#
#.......#
#.§.....#
#.§.....#
#5@.e...#
#.5.....#
#.5.r...#
#.§.5...#
#.D.....#
....$.###
#.#.#$# #.
.#.#


You could see Dowan, a friendly iron imp (summoned), 3 friendly crimson imps and
a friendly quokka (summoned).

Vanquished Creatures
  A ball python (D:3)
  A bat (D:3)
  A giant cockroach (D:1)
  A goblin (D:2)
  2 hobgoblins (D:1)
  A jackal (D:2)
  A quokka (D:1)
  3 frilled lizards
  2 rats
13 creatures vanquished.

Vanquished Creatures (collateral kills)
  Natasha (thrice) (D:3)
  2 adders
  2 worms (D:2)
  A dart slug (D:2)
  2 orcs (D:3)
  A ball python (D:1)
  3 endoplasms
  7 goblins
  6 hobgoblins
  4 jackals
  4 kobolds
  4 quokkas
  3 bats (D:1)
  5 frilled lizards
  2 rats (D:1)
49 creatures vanquished.

Vanquished Creatures (others)
  13 plants (D:3)
13 creatures vanquished.

Grand Total: 75 creatures vanquished

Notes
Turn   | Place    | Note
-------+----------+-------------------------------------------
     0 | D:1      | Deep1 the Deep Elf Summoner began the quest for the Orb.
     0 | D:1      | Reached XP level 1. HP: 10/10 MP: 6/6
   254 | D:1      | Reached XP level 2. HP: 15/15 MP: 2/8
   257 | D:1      | Learned a level 2 spell: Call Imp
   746 | D:1      | You fall into a shaft and drop 1 floor!
   954 | D:2      | Found a shimmering altar of Xom.
   976 | D:2      | Became a worshipper of Xom the Capricious
  1066 | D:2      | Reached XP level 3. HP: 19/19 MP: 10/10
  1197 | D:2      | XOM: silly message
  1420 | D:3      | Found Owkorral's Antique Armour Emporium.
  1447 | D:3      | Learned a level 3 spell: Call Canine Familiar
  1594 | D:3      | XOM: 9-stop teleportation journey
  1595 | D:3      | Noticed Natasha
  1603 | D:3      | Killed Natasha
  1604 | D:3      | Reached skill level 5 in Summonings
  1606 | D:3      | XOM: divination: detect creatures
  1704 | D:3      | XOM is BORED!
  1704 | D:3      | XOM: silly message
  1734 | D:3      | Reached XP level 4. HP: 24/24 MP: 6/12
  1760 | D:3      | Noticed Natasha
  1770 | D:3      | Killed Natasha
  1866 | D:3      | Found a blossoming altar of Fedhas.
  1866 | D:3      | Found a faded altar of an unknown god.
  1874 | D:3      | Found a faded altar of an unknown god.
  1877 | D:3      | Found an ornate altar of the Wu Jian Council.
  1877 | D:3      | XOM: silly message
  1879 | D:3      | Found a glowing golden altar of the Shining One.
  1986 | D:3      | Noticed Natasha
  2100 | D:3      | Killed Natasha
  2115 | D:3      | XOM: scenery: 1 doors close
  2183 | D:3      | XOM: cloud trail
  2292 | D:3      | XOM is BORED!
  2394 | D:4      | Noticed Duvessa
  2394 | D:4      | Noticed Dowan
  2397 | D:4      | Noticed Duvessa
  2397 | D:4      | Duvessa changed into Duvessa the steam dragon
  2397 | D:4      | XOM: polymorph Duvessa -> Duvessa the steam dragon
  2402 | D:4      | Engulfed by Duvessa the steam dragon's steam

Illustrated notes

Levels and vault maps discovered:
D:1:      heliophobic_arrival_enchanted_forest, layout_basic, minmay_cut_off
D:2:      layout_rooms, basic_altar, minmay_hedge_maze
D:3:      wad_lake_hut, layout_basic, chequers_temple_overflow_minitemple,
          serial_shops, shop, uniq_natasha
D:4:      layout_basic, beargit_hepliaklqana_dungeon_heroes, uniq_duvessa

Skill      XL: |  1  2  3 |
---------------+----------+-----
Spellcasting   | 4 |  4.3
Summonings     | 5 |  5.3
Fighting       | |  0.3
Polearms       | |  0.3
Armour         | |  0.8
Dodging        | |  2.6
Stealth        | |  2.7

Action                   |  1- 3 |  4- 6 || total
-------------------------+-------+-------++-------
Melee: Spear             |    32 |    44 ||    76
 Cast: Summon Small Mamm |    32 |     1 ||    33
       Call Imp          |    35 |    12 ||    47
       Call Canine Famil |     1 |     5 ||     6
 Stab: Sleeping          |     3 |     1 ||     4
       Distracted        |       |     1 ||     1
Armor: Leather armour    |     6 |    11 ||    17
Dodge: Dodged            |    19 |    17 ||    36

Table legend: (Time is in decaauts)
 A = Elapsed time spent in this place.
 B = Non-inter-level travel time spent in this place.
 C = Inter-level travel time spent in this place.
 D = Time resting spent in this place.
 E = Time spent auto-exploring this place.
 F = Levels seen in this place.
 G = Mean time per level.
                   A        B        C        D        E       F      G
               +--------+--------+--------+--------+--------+-----+--------+
         Total |   2471 |    875 |   1596 |    269 |      0 |   4 |  617.8 |
       Dungeon |   2471 |    875 |   1596 |    269 |      0 |   4 |  617.8 |
               +--------+--------+--------+--------+--------+-----+--------+

Top non-repeatable levels by time:
     D:3: 1040 daAuts
     D:1: 933 daAuts
     D:2: 489 daAuts
     D:4: 7 daAuts
